 Dungeon Crawl Stone Soup version 0.28.0-53-g5a82cb258f (webtiles) character file.

Game seed: 13260192376288217176

133 ILmort the Skirmisher (level 5, -1/48 HPs)
             Began as a Hill Orc Fighter on Aug 14, 2022.
             Slain by an orc
             ... wielding a +0 mace
              (3 damage)
             ... on level 4 of the Dungeon.
             The game lasted 00:08:05 (2455 turns).

ILmort the Skirmisher (Hill Orc Fighter)            Turns: 2455, Time: 00:08:05

Health: -1/48      AC: 10    Str: 21    XL:     5   Next: 16%
Magic:  5/5        EV:  9    Int:  8    God:
Gold:   87         SH:  4    Dex: 10    Spells: 4/4 levels left

rFire   . . .      SeeInvis .   a - +0 war axe
rCold   + . .      Faith    .   c - +0 buckler
rNeg    . . .      Spirit   .   b - +0 scale mail
rPois   .          Reflect  .   l - +0 helmet
rElec   .          Harm     .   (no cloak)
rCorr   .          Rampage  .   p - +1 pair of gloves
Will    .....                   (no boots)
Stlth   ..........              (no amulet)
HPRegen 0.16/turn               e - ring of protection from cold
MPRegen 0.09/turn               (no ring)

@: no status effects
A: no striking features
a: no special abilities


You were on level 4 of the Dungeon.
You visited 1 branch of the dungeon, and saw 4 of its levels.

You collected 87 gold pieces.

Inventory:

Hand Weapons
 a - a +0 war axe (weapon)
Armour
 b - a +0 scale mail (worn)
 c - a +0 buckler (worn)
 l - a +0 helmet (worn)
 p - a +1 pair of gloves (worn)
Jewellery
 e - a ring of protection from cold (left hand)
Scrolls
 h - a scroll of enchant weapon {unknown}
 i - a scroll of teleportation
 k - a scroll of amnesia
 o - a scroll of fog
Potions
 d - a potion of might
 f - a potion of curing
 g - a potion of cancellation
 j - a potion of magic
 n - a potion of berserk rage
 q - a potion of flight {unknown}


   Skills:
 + Level 5.3 Fighting
 + Level 5.0 Axes
 - Level 3.4 Armour
 - Level 3.4 Shields


You had 4 spell levels left.
You didn't know any spells.
Your spell library contained the following spells:

 Spells                   Type           Power      Damage    Failure   Level
 Gell's Gravitas          Tloc           0%         N/A       99%         3
 Ignite Poison            Fire/Tmut/Pois 0%         N/A       99%         3
 Mephitic Cloud           Conj/Pois/Air  0%         N/A       99%         3
 Teleport Other           Tloc           0%         N/A       99%         3
 Freezing Cloud           Conj/Ice/Air   0%         6-21      100%        5
 Dispersal                Tloc           0%         N/A       100%        6


Dungeon Overview and Level Annotations

Branches:
Dungeon (4/15)             Temple (0/1) D:4

Altars:

Shops:
D:4 [


Message History

The orc priest shouts!
You hear a shout!
You bow before the missionary of Beogh.
The orc priest invokes the aid of Beogh against you.
You barely resist. You completely miss the orc priest.
The orc priest hits you but does no damage.
You completely miss the orc priest. The orc priest barely misses you.
The orc priest miscasts a cantrip.
You closely miss the orc priest.
The orc priest shouts, "Join the one true god or die!"
The orc priest hits you but does no damage.
You slash the orc priest!
The orc priest hits you but does no damage.
You slash the orc priest!
You kill the orc priest!
Your Axes skill increases to level 5!
You have reached level 5!
You feel stronger.
An orc warrior comes into view. It is wielding a +0 glaive.
The orc warrior shouts!
An orc comes into view. It is wielding a +0 mace.
The orc shouts!
You hear a shout!
There is a staircase to the Ecumenical Temple here.
The orc warrior closely misses you.
You hit the orc warrior.
An orc comes into view. It is wielding a +0 whip.
An orc wizard comes into view. It is wielding a +0 dagger.
The orc warrior hits you with a +0 glaive.
You closely miss the orc warrior.
The orc warrior hits you with a +0 glaive!
The orc warrior hits you with a +0 glaive.
The orc barely misses you.
You hit the orc warrior but do no damage.
You hit the orc.
The orc warrior hits you with a +0 glaive!
The orc closely misses you.
The orc warrior hits you from afar with a +0 glaive!
* * * LOW HITPOINT WARNING * * *
The orc hits you with a +0 mace.
You die...

...
#.....#######
....
#............
....
#............
#>.........?.
#...)........
#............
#............
#....>.......
#....@..#####
#..oo...#
#.......#
.....o.o..#
...........#
...........#
...........#
...........+


You could see an orc warrior, an orc wizard and 2 orcs.

Vanquished Creatures
  An orc priest (D:4)
  Robin (D:2)
  2 adders (D:3)
  2 worms
  A dart slug (D:1)
  2 orcs (D:3)
  5 ball pythons
  9 bats
  3 endoplasms
  A giant cockroach (D:2)
  6 goblins
  10 hobgoblins
  6 quokkas
  A frilled lizard (D:3)
  5 kobolds
  5 rats
60 creatures vanquished.

Notes
Turn   | Place    | Note
-------+----------+-------------------------------------------
     0 | D:1      | ILmort the Hill Orc Fighter began the quest for the Orb.
     0 | D:1      | Reached XP level 1. HP: 19/19 MP: 1/1
    57 | D:1      | Reached XP level 2. HP: 23/27 MP: 2/2
   122 | D:1      | You fall into a shaft and drop 1 floor!
   554 | D:2      | Reached XP level 3. HP: 33/33 MP: 3/3
   612 | D:2      | Noticed Robin
   617 | D:2      | Killed Robin
  1000 | D:1      | Found a faded altar of an unknown god.
  1338 | D:1      | Reached XP level 4. HP: 41/41 MP: 4/4
  2092 | D:3      | Reached skill level 5 in Fighting
  2374 | D:4      | Found Voezylut's Armour Shoppe.
  2437 | D:4      | Found a staircase to the Ecumenical Temple.
  2446 | D:4      | Reached skill level 5 in Axes
  2446 | D:4      | Reached XP level 5. HP: 48/48 MP: 5/5
  2448 | D:4      | Noticed an orc warrior
  2455 | D:4      | HP: 2/48 [orc warrior/+0 glaive (15)]
  2455 | D:4      | Slain by an orc

Illustrated notes

Levels and vault maps discovered:
D:1:      amcnicky_arrival_single_pillar, layout_rooms,
          hellmonk_ecumenical_altar_slurped_away, minmay_pentomino_x4
D:2:      layout_loops_ring, uniq_robin
D:3:      layout_basic, portal_sewer_entry_d
D:4:      layout_gridville, gammafunk_temple_overflow_pools,
          minmay_temple_entry_proselytizer, serial_shops,
          nicolae_shop_hallway_plus, ebering_ghost_rock_garden, uniq_pikel,
          uniq_blork_the_orc

Skill      XL: |  1  2  3  4 |
---------------+-------------+-----
Axes           | 3 4 5 |  5.0
Fighting       | 4 5 |  5.3
Armour         | |  3.4
Shields        | |  3.4

Action                   |  1- 3 |  4- 6 || total
-------------------------+-------+-------++-------
Melee: War axe           |    84 |    74 ||   158
  Use: Scroll            |       |     9 ||     9
Armor: Scale mail        |    44 |    48 ||    92
Dodge: Dodged            |    46 |    29 ||    75
Block: Buckler           |     9 |    15 ||    24
